 Dungeon Crawl Stone Soup version 0.25-a0-425-g0e000e855e (webtiles) character file.

Game seed: 1126808139908965896, levelgen mode: deterministic

198 Kohma the Changer (level 5, -8/40 HPs)
             Began as a Draconian Transmuter on Jan 24, 2020.
             Was an Initiate of Fedhas.
             Mangled by Menkaure (19 damage)
             ... on level 4 of the Dungeon.
             The game lasted 00:12:11 (3962 turns).

Kohma the Changer (Draconian Transmuter)            Turns: 3962, Time: 00:12:11

Health: -8/40      AC:  2    Str: 12    XL:     5   Next: 47%
Magic:  8/8        EV: 19    Int: 19    God:    Fedhas [......]
Gold:   130        SH:  0    Dex: 16    Spells: 4/8 levels left

rFire    . . .     SeeInvis .     - Unarmed
rCold    . . .     Gourm    .   (shield currently unavailable)
rNeg     . . .     Faith    .   (armour unavailable)
rPois    .         Spirit   .   (helmet currently unavailable)
rElec    .         Reflect  .   (cloak currently unavailable)
rCorr    .         Harm     .   (gloves currently unavailable)
MR       .....                  (boots currently unavailable)
Stlth    +.........             (no amulet)
HPRegen  0.13/turn              p - +4 ring of intelligence
MPRegen  0.11/turn              k - ring of poison resistance

@: spider-form (expiring)
A: tiny, unfitting armour, AC +5
a: End Transformation, Renounce Religion


You were on level 4 of the Dungeon.
You worshipped Fedhas.
Fedhas was noncommittal.
You were not hungry.
You were a venomous arachnid creature.
You visited 2 branches of the dungeon, and saw 5 of its levels.

You collected 130 gold pieces.

Inventory:

Missiles
 a - 26 arrows
Armour
 b - a +0 pair of boots (melded)
 e - a +0 pair of gloves (melded)
Jewellery
 h - an uncursed ring of see invisible
 k - a ring of poison resistance (right front leg)
 p - a +4 ring of intelligence (left front leg)
Scrolls
 i - a scroll of enchant weapon
 j - a scroll of amnesia {unknown}
 m - a scroll of teleportation {unknown}
Potions
 d - a potion of resistance {unknown}
 f - 2 potions of ambrosia
 g - 2 potions of curing {unknown}
 l - 2 potions of lignification
 n - 2 potions of might
 q - a potion of brilliance {unknown}
 r - 2 potions of agility {unknown}
Comestibles
 c - 11 rations
 o - 3 chunks of flesh


   Skills:
 - Level 1.1 Fighting
 - Level 1.7 Dodging
 - Level 3.0 Unarmed Combat
 - Level 2.0 Spellcasting
 + Level 5.8 Transmutations


You had 4 spell levels left.
You knew the following spells:

 Your Spells              Type           Power        Failure   Level  Hunger
a - Beastly Appendage     Tmut           ###...       7%          1    #......
b - Spider Form           Tmut/Pois      ##........   34%         3    ###....

Your spell library contained the following spells:

 Spells                   Type           Power        Failure   Level  Hunger
 Sticks to Snakes         Tmut           ###.....     9%          2    ###....
 Ice Form                 Ice/Tmut       ##......     67%         4    #####..
 Blade Hands              Tmut           ###.......   61%         5    ######.


Dungeon Overview and Level Annotations

Branches:
Dungeon (4/15)             Temple (1/1) D:4

Altars:
Ashenzari
Elyvilon
Fedhas
Hepliaklqana
Kikubaaqudgha
Okawaru
Ru
Sif Muna
Trog
Wu Jian
Xom
Yredelemnul
Zin
The Shining One

Annotations:
D:4 Menkaure


Innate Abilities, Weirdness & Mutations

((Your plain brown scales are hard. (AC +5)))
You cannot fit into any form of body armour.
((You are cold-blooded and may be slowed by cold attacks.))


Message History

Menkaure is lightly damaged.
Menkaure barely misses you.
You hit Menkaure.
Menkaure is moderately damaged.
Menkaure completely misses you.
You hit Menkaure but do no damage.
Menkaure is moderately damaged.
Menkaure hits you!
You hit Menkaure.
Menkaure is moderately damaged.
Menkaure closely misses you.
You hit Menkaure.
Menkaure is heavily damaged.
Menkaure hits you!
* * * LOW HITPOINT WARNING * * *
You bite Menkaure!
Menkaure is severely damaged.
Menkaure hits you!!
You die...
Fedhas appreciates your contribution to the ecosystem.

#...#..# #...#..#
#...##.# #...##>#
#...##.# #....#.#
##.....#
...#.###############.#
####............sMO..#
###################


You could see an ogre and Menkaure.

Vanquished Creatures
  2 worker ants (D:4)
  A hound skeleton (D:4)
  4 adders
  4 gnolls (D:4)
  A worm (D:2)
  2 dart slugs (D:2)
  2 leopard geckos
  4 orcs (D:4)
  4 giant cockroaches
  7 goblins
  3 hobgoblins (D:1)
  8 kobolds
  A ball python (D:2)
  8 bats
  4 frilled lizards
  A rat (D:3)
56 creatures vanquished.

Notes
Turn   | Place    | Note
-------+----------+-------------------------------------------
     0 | D:1      | Kohma the Draconian Transmuter began the quest for the Orb.
     0 | D:1      | Reached XP level 1. HP: 16/16 MP: 3/3
   213 | D:1      | Reached XP level 2. HP: 21/23 MP: 3/5
   267 | D:1      | Reached skill level 3 in Transmutations
   952 | D:1      | Reached XP level 3. HP: 23/28 MP: 4/6
  1097 | D:1      | Learned a level 3 spell: Spider Form
  1482 | D:2      | Reached skill level 4 in Transmutations
  2171 | D:3      | Reached XP level 4. HP: 35/35 MP: 5/7
  2535 | D:4      | Reached skill level 5 in Transmutations
  2851 | D:4      | Noticed a phantom
  3484 | D:4      | Reached XP level 5. HP: 40/40 MP: 4/8
  3537 | D:4      | Found a staircase to the Ecumenical Temple.
  3550 | Temple   | Entered the Ecumenical Temple
  3621 | Temple   | Became a worshipper of Fedhas Madash
  3939 | D:4      | Noticed Menkaure
  3943 | D:4      | Noticed an ogre
  3962 | D:4      | Mangled by Menkaure

Levels and vault maps discovered:
D:1:      ncdulo_lavacross, layout_basic, st_stairs_6, minmay_misc_feat_five,
          hex_intersection, minivault_26
D:2:      layout_basic
D:3:      layout_basic
D:4:      layout_basic, kennysheep_mini, minitemple,
          minmay_temple_entry_poolview, uniq_menkaure
Temple:   zaba_magenta_temple

Skill      XL: |  1  2  3  4 |
---------------+-------------+-----
Transmutations | 3 4 5 |  5.8
Fighting       | |  1.1
Dodging        | |  1.7
Unarmed Combat | |  3.0
Spellcasting   | |  2.0

Action                   |  1- 3 |  4- 6 || total
-------------------------+-------+-------++-------
Melee: Unarmed           |   147 |   107 ||   254
       Tailslap          |    15 |     1 ||    16
       Headbutt          |    14 |     1 ||    15
       Kick              |     2 |       ||     2
       Punch             |     1 |       ||     1
 Cast: Beastly Appendage |    27 |     3 ||    30
       Spider Form       |       |    12 ||    12
  Use: Scroll            |       |     8 ||     8
       Potion            |       |     1 ||     1
 Stab: Sleeping          |     1 |       ||     1
  Eat: Chunk             |     4 |     8 ||    12
Armor: Skin              |    76 |     7 ||    83
Dodge: Dodged            |   129 |    75 ||   204

Table legend:
 A = Non-vault XP
 B = Vault XP
 C = Vault XP percentage of total XP
 D = Non-vault monster count
 E = Vault monster count
 F = Vault count percentage of total count
                 A         B        C        D         E       F
            +---------+---------+-------+---------+---------+-------
      Total |     281 |       3 |   1.1 |      54 |       2 |   3.6
            +---------+---------+-------+---------+---------+-------
        D:1 |      38 |       3 |   7.3 |      21 |       2 |   8.7
        D:2 |      55 |       0 |   0.0 |      14 |       0 |   0.0
        D:3 |      22 |       0 |   0.0 |       6 |       0 |   0.0
        D:4 |     166 |       0 |   0.0 |      13 |       0 |   0.0
            +---------+---------+-------+---------+---------+-------
